 Dungeon Crawl Stone Soup version 0.20.1-1-g8b1a95d (webtiles) character file.

124 letownia2 the Grave Robber (level 4, -3/36 HPs)
             Began as a Deep Dwarf Necromancer on Nov 5, 2017.
             Slain by a worm (6 damage)
             ... on level 3 of the Dungeon.
             The game lasted 00:08:40 (1577 turns).

letownia2 the Grave Robber (Deep Dwarf Necromancer) Turns: 1577, Time: 00:08:40

Health: -3/36      AC:  3    Str: 11    XL:     4   Next: 81%
Magic:  0/9        EV: 12    Int: 17    God:
Gold:   22         SH:  0    Dex: 13    Spells: 6/10 levels left

rFire    + . .     SeeInvis .   d - +0 short sword
rCold    x . .     Gourm    .   (no shield)
rNeg     . . .     Faith    .   a - +0 robe
rPois    .         Spirit   .   g - +0 helmet
rElec    .         Reflect  .   (no cloak)
rCorr    .         Harm     .   (no gloves)
MR       .....                  (no boots)
Stlth    ++........             (no amulet)
Regen    0.0/turn               q - ring of fire
MPRegen  0.2/turn               (no ring)

@: non-regenerating
A: damage resistance, heal wounds, sense surroundings 1, no regeneration
a: Heal Wounds


You were on level 3 of the Dungeon.
You were not hungry.

You visited 1 branch of the dungeon, and saw 3 of its levels.

You collected 22 gold pieces.

Inventory:

Hand Weapons
 d - a +0 short sword (weapon)
 h - a +0 hunting sling
 r - a +0 hand axe
Missiles
 i - 15 poisoned needles
Armour
 a - a +0 robe (worn)
 g - a +0 helmet (worn)
 p - a +0 ring mail
Jewellery
 q - a ring of fire (left hand)
Wands
 j - a wand of paralysis (8/24)
Scrolls
 l - a scroll of teleportation {unknown}
 m - a scroll of remove curse {unknown}
Potions
 e - 2 potions of haste {unknown}
 n - a potion of agility {unknown}
 o - a potion of ambrosia {unknown}
Books
 b - a book of Necromancy

   Spells                             Type                      Level
   a - Pain                           Necromancy                   1
   b - Animate Skeleton               Necromancy                   1
   c - Vampiric Draining              Necromancy                   3
   d - Regeneration                   Charms/Necromancy            3
   e - Animate Dead                   Necromancy                   4
   f - Control Undead                 Necromancy                   4
Comestibles
 c - 2 bread rations
 f - a meat ration
 k - 4 chunks of flesh


   Skills:
 - Level 2.1 Dodging
 - Level 2.4 Stealth
 - Level 3.7 Spellcasting
 + Level 5.1 Necromancy


You had 6 spell levels left.
You knew the following spells:

 Your Spells              Type           Power        Failure   Level  Hunger
a - Pain                  Necr           ###.         1%          1    None
v - Vampiric Draining     Necr           ###.......   6%          3    ###....


Dungeon Overview and Level Annotations

Branches:
Dungeon (3/15)

Altars:
Fedhas
Gozag
The Shining One

Annotations:
D:1 DIG FOOD HEALTh


Innate Abilities, Weirdness & Mutations

You are resistant to damage.
You can heal yourself by infusing magical energy.
You passively map a small area around you.
You do not regenerate.


Message History

Aiming: Pain
Press: ? - help, Shift-Dir - straight line, f/p - worm
Aim: a worm (heavily wounded, chance to defeat MR: 85%)
The worm writhes in agony!
The walls and floor vibrate strangely for a moment.
You completely miss the worm.
The worm is heavily wounded.
You hit the worm but do no damage.
The worm is heavily wounded.
You hit the worm.
The worm is severely wounded.
The worm bites you!
* * * LOW HITPOINT WARNING * * *
Casting: Pain
Confirm with . or Enter, or press ? or * to list all spells.
Aiming: Pain
Press: ? - help, Shift-Dir - straight line, f/p - worm
Aim: a worm (severely wounded, chance to defeat MR: 85%)
The worm writhes in agony!
The worm bites you!
You die...

#..# #......###.#
##.###########.....#.
#.#.≈≈≈≈≈≈≈##.###.#.
#..########†#.###..
####≈≈w≈≈##≈#...#.#
#≈#####≈#≈#.#.#.#
#≈#* ∩#.#≈#.#...#
#w#.###≈#≈#.h...##
#@##≈≈≈≈#≈#...#...
#.#######≈##..###.
##≈≈†..≈≈###..# #.
#########.h.g###.
#.##.##.>....
#.......#...#
####.##.#...#
#........g ####.#####


You could see a worm.

Vanquished Creatures
  2 river rats (D:3)
  4 adders
  An ooze (D:2)
  A worm (D:3)
  7 leopard geckos
  3 orcs (D:3)
  4 bats
  5 giant cockroaches
  6 goblins
  5 hobgoblins
  4 jackals (D:3)
  3 kobolds
  4 frilled lizards
  2 rats (D:2)
51 creatures vanquished.

Vanquished Creatures (others)
  A jackal (D:1)
1 creature vanquished.

Grand Total: 52 creatures vanquished

Notes
Turn   | Place    | Note
-------+----------+-------------------------------------------
     0 | D:1      | letownia2 the Deep Dwarf Necromancer began the quest for the Orb.
     0 | D:1      | Reached XP level 1. HP: 15/15 MP: 3/3
    49 | D:1      | Noticed an ogre
   244 | D:2      | Found a glowing golden altar of the Shining One.
   264 | D:2      | Found an opulent altar of Gozag.
   310 | D:2      | Found a faded altar of an unknown god.
   352 | D:2      | Reached XP level 2. HP: 16/22 MP: 0/5
   667 | D:2      | Reached XP level 3. HP: 19/28 MP: 0/6
   672 | D:2      | Learned a level 3 spell: Vampiric Draining
  1143 | D:3      | Reached XP level 4. HP: 19/36 MP: 0/8
  1208 | D:3      | Found a blossoming altar of Fedhas.
  1471 | D:3      | Reached skill level 5 in Necromancy
  1577 | D:3      | Slain by a worm

Skill      XL: |  1  2  3  4 |
---------------+-------------+-----
Spellcasting   | 2 3 |  3.7
Necromancy     | 5 |  5.1
Dodging        | |  2.1
Stealth        | |  2.4

Action                   |  1- 3 |  4- 6 || total
-------------------------+-------+-------++-------
Melee: Short sword       |    21 |    22 ||    43
 Cast: Pain              |    66 |    33 ||    99
       Vampiric Draining |     1 |     5 ||     6
 Stab: Distracted        |     1 |       ||     1
       Sleeping          |     4 |     1 ||     5
  Eat: Chunk             |     1 |     3 ||     4
Armor: Robe              |    13 |    10 ||    23
Dodge: Dodged            |    51 |    29 ||    80
